[Event "44th Chess Olympiad Women 2022"]
[Site "Chennai"]
[Date "2022.08.07"]
[Round "9.43"]
[White "Clarke, Adani"]
[Black "Roy, Ali"]
[Result "1/2-1/2"]
[WhiteElo "1812"]
[BlackElo "1893"]
[Annotator "NA"]
[PlyCount "140"]
[EventDate "2022.??.??"]
[TimeControl "60"]

1. d4 d5 2. c4 c6 3. Nf3 Nf6 4. Nc3 Nbd7 5. Bf4 e6 6. e3 Be7 7. Qc2 O-O 8. Bd3 b6 9. O-O Bb7 10. cxd5 cxd5 11. Rac1 Rc8 12. Qb3 Nh5 13. Bg3 Nxg3 14. hxg3 Nf6 15. Rc2 Ne4 16. Rfc1 Nxc3 17. Rxc3 Rxc3 18. Rxc3 Qb8 19. Qc2 Rc8 20. Bxh7+ Kf8 21. Ne5 Rxc3 22. Qxc3 Qc8 23. Qxc8+ Bxc8 24. Bd3 Bd6 25. Kf1 g5 26. Ke1 f6 27. Nf3 Kg7 28. a3 a5 29. Bb5 g4 30. Nh2 e5 31. Bc6 Be6 32. Nf1 Kg6 33.
Nd2 f5 34. Nb1 f4 35. gxf4 exd4 36. exd4 Bxf4 37. Nc3 g3 38.
Bxd5 gxf2+ 39. Kxf2 Bxd5 40. Nxd5 Bc1 41. Nxb6 Bxb2 42. Ke3 Bxa3 43. Ke4 Kg5 44. Kd5 Kf4 45. Kc6 Kg3 46. Kb5 Kxg2 47. Kxa5 Kf3 48. Kb5 Ke4 49. d5 Ke5 50. Kc6 Be7 51. Nc4+ Kd4 52. Nd2 Ke5 53. Nf3+ Ke4 54. Nh2 Kf4 55. Nf1 Bb4 56. Kb5 Ke5 57. Kc4 Bf8 58. Ne3 Kd6 59. Kd4 Bg7+ 60. Ke4 Bf8 61. Nf5+ Kc5 62. Ke5 Kc4 63. Ke6 Bc5 64. Nd6+ Kd4 65. Nb5+ Kc4 66. Nc7 Kd4 67. Kd7 Bb4 68. Kc6 Ke5 69. Ne6 Be7 70. Nc5 Kd4 1/2-1/2

[Event "44th Chess Olympiad Women 2022"]
[Site "Chennai"]
[Date "2022.08.07"]
[Round "9.43"]
[White "Cooke, Suzie G."]
[Black "Miller, Rachel"]
[Result "1-0"]
[WhiteElo "1936"]
[BlackElo "1961"]
[Annotator "NA"]
[PlyCount "95"]
[EventDate "2022.??.??"]
[TimeControl "60"]

1. d4 d5 2. Bf4 c5 3. e3 Nc6 4. Nf3 Nf6 5. Nbd2 Qb6 6. dxc5 Qxb2 7. Rb1 Qc3 8. Bb5 g6 9. O-O Bg7 10. Nb3 O-O 11. Nfd4 Bd7 12. Bd3 Nxd4 13. exd4 Ne4 14. Re1 e5 15. dxe5 Ba4 16. Bxe4 dxe4 17. Rxe4 Bxb3 18. Rxb3 Qxc5 19. Rxb7 Rfd8 20. Qb1 Rac8 21.
h4 Qxc2 22. Qxc2 Rxc2 23. Rxa7 h6 24. e6 fxe6 25. Rxe6 g5 26.
hxg5 Rd1+ 27. Kh2 Rxf2 28. gxh6 Rxf4 29. hxg7 Rf7 30. Ree7 Rxe7 31. Rxe7 Rd3 32. a4 Rd5 33. Ra7 Rh5+ 34. Kg1 Rf5 35. a5 Rb5 36. a6 Ra5 37. Kh2 Ra3 38. g3 Kh7 39. Kh3 Kg8 40. Kg4 Ra5 41.
Kf4 Kh7 42. Kg4 Kg8 43. Kh4 Kh7 44. g4 Kg8 45. g5 Rb5 46.
Rb7 Ra5 47. a7 Ra1 48. Rb8+ 1-0

[Event "44th Chess Olympiad Women 2022"]
[Site "Chennai"]
[Date "2022.08.07"]
[Round "9.43"]
[White "Hughes, Rhian"]
[Black "Curwin, Nickaylah"]
[Result "1-0"]
[WhiteElo "1843"]
[BlackElo "1499"]
[Annotator "NA RC"]
[PlyCount "75"]
[EventDate "2022.??.??"]
[TimeControl "60"]

1. c4 c6 2. Nc3 d5 3. cxd5 cxd5 4. d4 Nf6 5. Nf3 Nc6 6. e3 Bg4 7. Be2 e6 8. O-O a6 9. b3 Bd6 10. h3 Bh5 11. Bb2 O-O 12. Rc1 Rc8 13.
Ne1 Bxe2 14. Qxe2 Qe7 15. Nd3 Rc7 16. Na4 Nd7 17. Rc2 Rfc8 18.
Rfc1 e5 19. dxe5 Ndxe5 20. Nb6 Nxd3 21. Nxc8 Rxc8 22. Qxd3 Re8 23. Bc3 Qg5 24. Rd1 Ne7 25. Rcd2 Rc8 26. Bb2 Rd8 27. Qe2 Qh6 28. a3 Bc7 29. e4 Qf4 30. g3 Qh6 31. Kh2 f5 32. exd5 Kf8 33.
Be5 Bb6 34. d6 Ng6 35. d7 Bc5 36. Bc7 Be7 37. Bxd8 Bxd8 38. Qe8# 1-0

[Event "44th Chess Olympiad Women 2022"]
[Site "Chennai"]
[Date "2022.08.07"]
[Round "9.43"]
[White "Watson, Gabriella"]
[Black "Reid, Caitlin"]
[Result "1-0"]
[WhiteElo "1164"]
[BlackElo "1437"]
[Annotator "NA"]
[PlyCount "139"]
[EventDate "2022.??.??"]
[TimeControl "60"]

1. d4 d5 2. Bf4 Nf6 3. e3 Bf5 4. c4 c6 5. Nc3 e6 6. Nf3 Nbd7 7. Be2 h6 8. O-O g5 9. Bg3 g4 10. Ne5 h5 11. Qb3 Qb6 12. c5 Qxb3 13.
axb3 h4 14. Nxd7 Kxd7 15. Be5 Rh6 16. b4 Nh5 17. g3 hxg3 18.
fxg3 f6 19. Bf4 Nxf4 20. exf4 Bg7 21. b5 Bg6 22. Ra4 Bc2 23.
bxc6+ Kxc6 24. Bb5+ Kc7 25. Ra3 a6 26. Ba4 Rah8 27. Rf2 Bxa4 28. Nxa4 f5 29. Rd3 Kc6 30. Nc3 Bf6 31. Re2 Kd7 32. b4 Ra8 33.
Na4 Bd8 34. Rc2 Rc8 35. Rdc3 Rh8 36. Re2 Re8 37. Nb2 b6 38. Nd3 bxc5 39. dxc5 Bf6 40. Ra3 Bd4+ 41. Kf1 Rc6 42. Rea2 Rh8 43. Kg2 Rhc8 44. Rxa6 Rxa6 45. Rxa6 Rc6 46. Ra7+ Rc7 47. Rxc7+ Kxc7 48. b5 Kb7 49. h4 gxh3+ 50. Kxh3 Kc7 51. Kh4 Kd7 52. Kg5 Kc7 53. Kg6 Bc3 54. Kf7 Kd7 55. c6+ Kd6 56. c7 Kxc7 57. Kxe6 d4 58.
Kxf5 Kb6 59. Ke5 Kxb5 60. g4 Kc4 61. Ke4 Kb5 62. g5 Kc6 63.
g6 Kd6 64. g7 Ke6 65. g8=Q+ Kf6 66. Qg5+ Kf7 67. f5 Bd2 68. Qxd2 Kf6 69. Kxd4 Ke7 70. Qh6 1-0

[Event "44th Chess Olympiad Women 2022"]
[Site "Chennai"]
[Date "2022.08.07"]
[Round "9.44"]
[White "Deng, Jing Xin Crystal"]
[Black "Almanzar Vasquez, Jeniffer Maria"]
[Result "1-0"]
[WhiteElo "1914"]
[BlackElo "1762"]
[Annotator "NA RC"]
[PlyCount "67"]
[EventDate "2022.??.??"]
[TimeControl "60"]

1. d4 Nf6 2. c4 e6 3. Nf3 Bb4+ 4. Bd2 a5 5. g3 b6 6. Bg2 Bb7 7. O-O O-O 8.
Nc3 d6 9. Qc2 Bxc3 10. Bxc3 Be4 11. Qd2 Nbd7 12. Rac1 h6 13. Rfd1 Qb8 14. Ne1 Bxg2 15. Nxg2 Ne4 16. Qd3 Ndf6 17. f3 Nxc3 18. Rxc3 d5 19. e4 c6 20. cxd5 cxd5 21. e5 Nd7 22. Rdc1 Ra7 23. f4 b5 24. f5 b4 25. Rc6 Re8 26. Nf4 Nf8 27. Qf3 Qb5 28. Qg4 Ra6 29. Rc7 Qb6 30. R1c5 Qb8 31. Qh5 Nd7 32. Rxd7 Rf8 33. fxe6 fxe6 34. Qg6 1-0

[Event "44th Chess Olympiad Women 2022"]
[Site "Chennai"]
[Date "2022.08.07"]
[Round "9.44"]
[White "Leung, Hoi Ting"]
[Black "Gonzalez Peguero, Mary Loly"]
[Result "0-1"]
[WhiteElo "1277"]
[BlackElo "1666"]
[Annotator "NA"]
[PlyCount "128"]
[EventDate "2022.??.??"]
[TimeControl "60"]

1. d4 Nf6 2. c4 g6 3. Nf3 Bg7 4. Nc3 O-O 5. e4 d6 6. Be2 e5 7. dxe5 dxe5 8. Qxd8 Rxd8 9. Bg5 Re8 10. Rd1 Nc6 11. Bxf6 Bxf6 12. Nd5 Bd8 13. O-O Bg4 14. h3 Bxf3 15. Bxf3 Nd4 16. Bg4 c6 17. Nc3 h5 18. Be2 Ba5 19. Bd3 Bxc3 20. bxc3 Ne6 21. Bc2 Rad8 22. Rxd8 Rxd8 23. Rd1 Rxd1+ 24. Bxd1 Kf8 25. Bc2 Ke7 26. Bb3 Nc5 27. Bc2 Kd6 28. Kf1 Ne6 29. g3 Kc5 30. Bd3 Nc7 31. Ke2 Ne8 32. Bc2 Nd6 33. Kd3 Nxc4 34. Bb3 Nd6 35. Ke3 b5 36. Kd3 a5 37. a3 Kb6 38. Ba2 c5 39. Bd5 c4+ 40. Ke3 Kc5 41. f3 g5 42. g4 h4 43. Kd2 f6 44. Be6 b4 45. cxb4+ axb4 46. axb4+ Kxb4 47. Bd7 Nb5 48. Bxb5 Kxb5 49. Kc3 Kc5 50. Kc2 Kd4 51. Kd2 c3+ 52. Kc2 Ke3 53. Kxc3 Kxf3 54. Kd3 Kf4 55. Ke2 Kxe4 56. Kf2 Kd3 57. Ke1 Ke3 58. Kf1 Kd2 59. Kf2 e4 60. Kf1 e3 61. Kg2 e2 62. Kh2 e1=Q 63. Kg2 Qg3+ 64. Kh1 Qxh3+ 0-1

[Event "44th Chess Olympiad Women 2022"]
[Site "Chennai"]
[Date "2022.08.07"]
[Round "9.44"]
[White "Munoz Santana, Doribel"]
[Black "Li, Joy Ching"]
[Result "1/2-1/2"]
[WhiteElo "1851"]
[BlackElo "1386"]
[Annotator "NA RC"]
[PlyCount "117"]
[EventDate "2022.??.??"]
[TimeControl "60"]

1. d4 Nf6 2. Nf3 g6 3. g3 Bg7 4. Bg2 O-O 5. O-O d5 6. b3 c5 7. e3 Ne4 8. Bb2 Nc6 9. Nbd2 Bg4 10. h3 Bf5 11. g4 Nxd2 12. Nxd2 Be6 13. Nf3 h6 14. Rb1 b6 15. dxc5 bxc5 16. Bxg7 Kxg7 17. Qd2 Qa5 18. Qxa5 Nxa5 19. Ne5 Rac8 20. Rbd1 Rfd8 21. Rd2 Nc6 22. Nxc6 Rxc6 23. c4 Rcd6 24. cxd5 Bxd5 25. Rc2 Bxg2 26. Kxg2 Ra6 27. Rfc1 e6 28. Rb2 Ra5 29. Kf3 Kf6 30. h4 g5 31. h5 Ke5 32. Ke2 Rd5 33.
Rc4 Kd6 34. f4 f6 35. Rbc2 Rb5 36. Ra4 a5 37. Rcc4 e5 38. fxg5 fxg5 39. Rc1 Ke6 40. Rf1 Rd8 41. Rf5 Rb4 42. Rxa5 Rxg4 43. Rf2 c4 44. bxc4 Rxc4 45. Ra6+ Kd5 46. Rxh6 Rh4 47. Rg2 Ke4 48. Rb6 Rxh5 49. Rb4+ Kd5 50. Kf3 Rf8+ 51. Ke2 Ra8 52. Rb2 Rh4 53. Rd2+ Ke4 54. Rb2 Ra3 55. Rb4+ Kd5 56. Rb5+ Ke4 57. Rb4+ Kd5 58. Rb5+ Ke4 59. Rb4+ 1/2-1/2

[Event "44th Chess Olympiad Women 2022"]
[Site "Chennai"]
[Date "2022.08.07"]
[Round "9.44"]
[White "Rosario Almanzar, Raydily"]
[Black "Kannappan, Sigappi"]
[Result "1/2-1/2"]
[WhiteElo "1882"]
[BlackElo "1914"]
[Annotator "NA"]
[PlyCount "73"]
[EventDate "2022.??.??"]
[TimeControl "60"]

1. d4 Nf6 2. c4 g6 3. Nc3 Bg7 4. e4 d6 5. Be2 O-O 6. h4 h5 7. Bg5 Nbd7 8.
Qd2 c5 9. d5 a6 10. f3 Rb8 11. Nh3 Ne5 12. Nf2 Bd7 13. a4 Qe8 14. O-O Qd8 15.
Rfc1 Re8 16. b3 Qa5 17. Nd3 Nh7 18. Be3 Nxd3 19. Qxd3 Bf6 20. Bf2 Rec8 21. Ra2 Qd8 22. Re1 Qf8 23. Bf1 Qg7 24. Rc2 g5 25.
hxg5 Nxg5 26. Kh1 Be5 27. Ne2 Qg6 28. Qe3 Bg7 29. Bh4 Bh6 30.
Nf4 Qh7 31. Bd3 f5 32. exf5 Bxf5 33. Bxg5 Bxg5 34. Bxf5 Qxf5 35.
Qe6+ Qxe6 36. Nxe6 Bf6 37. Nf4 1/2-1/2

[Event "44th Chess Olympiad Women 2022"]
[Site "Chennai"]
[Date "2022.08.07"]
[Round "9.45"]
[White "Park, Haneul"]
[Black "Silva Rosas, Natalia"]
[Result "0-1"]
[WhiteElo "1531"]
[BlackElo "1780"]
[Annotator "NA"]
[PlyCount "166"]
[EventDate "2022.??.??"]
[TimeControl "60"]

1. d4 f5 2. c4 g6 3. g3 Nf6 4. Nc3 Bg7 5. Bg2 d6 6. Nf3 O-O 7. O-O c6 8. d5 c5 9. Qc2 Na6 10. a3 Nc7 11. Rd1 Qe8 12. Be3 h6 13. h4 Bd7 14. Ra2 Qf7 15.
b4 Ng4 16. Bf4 Na6 17. b5 Nc7 18. Nh2 Ne5 19. Nb1 Ne8 20. Nf3 Ng4 21. Nh2 Nef6 22. Nxg4 fxg4 23. e4 Nh5 24. Be3 b6 25. a4 Kh7 26. Qd2 a5 27. e5 Bf5 28. e6 Qg8 29. Nc3 Nf6 30. Bf4 Qh8 31. Ne2 Ne4 32.
Qe3 Nf6 33. Qd2 Kg8 34. Re1 Be4 35. Bxe4 Nxe4 36. Qd3 g5 37. Qxe4 gxf4 38. Nxf4 Bd4 39. Ng6 Qf6 40. Nxf8 Rxf8 41. Qxg4+ Kh8 42. Rf1 Rg8 43. Qh5 Rxg3+ 44. Kh2 Rf3 45. Qe8+ Kh7 46. Qf7+ Qxf7 47. exf7 Be5+ 48. Kg2 Rxf7 49. Rc2 Rf4 50. h5 Kg7 51. Rg1 Kf7 52. Rh1 Rd4 53. Rh3 Rd1 54. Rh1 Rd4 55. Rh3 Kf6 56. Rf3+ Bf4 57. Rh3 Kf5 58. Rf3 Re4 59. Rh3 Kg5 60. Rh1 Be5 61. Kf3 Rd4 62. Ke2 Rg4 63. Kf3 Kf5 64. Rcc1 Bd4 65. Rh2 Bf6 66. Ke3 Bg5+ 67. f4 Bxf4+ 68. Kd3 Bxh2 69. Re1 Be5 70. Rf1+ Rf4 71. Rg1 Rf3+ 72. Ke2 Rh3 73. Rg6 Rxh5 74. Rg8 Rh4 75. Rb8 Rxc4 76. Rxb6 Rxa4 77. Rb8 Ke4 78. Rb7 Ra2+ 79. Kf1 Kxd5 80. Rxe7 Rb2 81. Rb7 c4 82. b6 c3 83. Rc7 Rxb6 0-1

[Event "44th Chess Olympiad Women 2022"]
[Site "Chennai"]
[Date "2022.08.07"]
[Round "9.45"]
[White "Quevedo, Andreina"]
[Black "Park, Sunwoo"]
[Result "1/2-1/2"]
[WhiteElo "1841"]
[BlackElo "1773"]
[Annotator "NA"]
[PlyCount "67"]
[EventDate "2022.??.??"]
[TimeControl "60"]

1. e4 c5 2. Nf3 d6 3. d4 cxd4 4. Nxd4 Nf6 5. Nc3 a6 6. Be2 e5 7. Nf3 Be7 8. O-O O-O 9. h3 Nbd7 10. Be3 b5 11. a3 Bb7 12. Qd3 Qc7 13.
Nh2 Nc5 14. Bxc5 dxc5 15. Ng4 c4 16. Nxf6+ Bxf6 17. Qe3 Rad8 18. Rad1 Rd4 19. g3 Rfd8 20. Bf3 h6 21. Nd5 Bxd5 22. exd5 Qd7 23. Kh2 Qf5 24. c3 Rxd1 25. Rxd1 Bg5 26. Qe4 Qxe4 27. Bxe4 Be7 28. g4 Bc5 29. Kg3 Bd6 30. h4 g6 31. Ra1 Rb8 32. h5 gxh5 33. gxh5 Kg7 34. Kf3 1/2-1/2

[Event "44th Chess Olympiad Women 2022"]
[Site "Chennai"]
[Date "2022.08.07"]
[Round "9.45"]
[White "Roepke, Sofia"]
[Black "Kang, Sohyun"]
[Result "1-0"]
[WhiteElo "1869"]
[BlackElo "1593"]
[Annotator "NA RC"]
[PlyCount "63"]
[EventDate "2022.??.??"]
[TimeControl "60"]

1. e4 e6 2. d4 d5 3. Nd2 c5 4. exd5 Qxd5 5. Ngf3 cxd4 6. Bc4 Qd6 7. O-O Nf6 8. Nb3 Nc6 9. Nbxd4 Nxd4 10. Nxd4 a6 11. b3 Qc7 12. Bb2 Bd6 13. Nf3 O-O 14. Qe2 Kh8 15. Ne5 b6 16. Bd3 Bb7 17. Rfe1 a5 18.
a3 Qc5 19. c4 Rad8 20. Bc2 Qc7 21. h3 Ba8 22. Rad1 Qb7 23. Qf1 Nh5 24. Rd4 Bc5 25. Rxd8 Rxd8 26. Be4 Qc7 27. Bxa8 Ng3 28. Rd1 Bxf2+ 29. Kxf2 Rxa8 30. Kxg3 f6 31. Rd7 Qb8 32. Rd8+ 1-0

[Event "44th Chess Olympiad Women 2022"]
[Site "Chennai"]
[Date "2022.08.07"]
[Round "9.45"]
[White "You, Garam"]
[Black "Malan, Lucia"]
[Result "0-1"]
[WhiteElo "1407"]
[BlackElo "1741"]
[Annotator "NA"]
[PlyCount "52"]
[EventDate "2022.??.??"]
[TimeControl "60"]

1. d4 d5 2. c4 e6 3. Nc3 Nf6 4. Nf3 Be7 5. Bf4 O-O 6. e3 b6 7. Bd3 Bb7 8. O-O c5 9. cxd5 exd5 10. Rc1 Nbd7 11. Qe2 Ne4 12. Nd2 Ndf6 13. Ndxe4 dxe4 14. Bb1 cxd4 15. exd4 Qxd4 16. Nb5 Qa4 17. b3 Qa5 18. Rc7 Ba6 19. a4 Rfe8 20. Rd1 Qb4 21. Qb2 Red8 22. Bd2 Bxb5 23. axb5 Bc5 24. Qc2 Qd4 25. Qc1 Qxf2+ 26. Kh1 Qe2 0-1

[Event "44th Chess Olympiad Women 2022"]
[Site "Chennai"]
[Date "2022.08.07"]
[Round "9.46"]
[White "Jose de Ribbegren, Kenia"]
[Black "Kaslan, Catherine"]
[Result "1/2-1/2"]
[WhiteElo "1787"]
[BlackElo "1872"]
[Annotator "NA"]
[PlyCount "85"]
[EventDate "2022.??.??"]
[TimeControl "60"]

1. d4 Nf6 2. Nf3 e6 3. Bf4 b6 4. Nbd2 Bb7 5. Nc4 d6 6. c3 Be7 7. e3 Ne4 8. Nfd2 Nd7 9. f3 Bh4+ 10. g3 Nxd2 11. Nxd2 e5 12. dxe5 dxe5 13. Bxe5 Nxe5 14. Qa4+ Kf8 15. gxh4 Nxf3+ 16. Nxf3 Bxf3 17. Rg1 c5 18. Qf4 Qf6 19. Qxf6 gxf6 20. Kf2 Bh5 21. Be2 Bxe2 22. Kxe2 Rd8 23. Rad1 Rxd1 24. Rxd1 Ke7 25. Kf3 Rg8 26. c4 Ke6 27. h3 f5 28. b3 Re8 29. Rd5 Kf6 30. Rd7 Re7 31. Rd6+ Re6 32. Rd7 a5 33. Rb7 Rd6 34. Kf4 Re6 35. Kf3 Kg6 36. h5+ Kxh5 37. Rxf7 Kg6 38. Rd7 h6 39. Rd5 Kg5 40. h4+ Kg6 41. Rd8 Kh5 42. Rd5 Kg6 43. Rd8 1/2-1/2

[Event "44th Chess Olympiad Women 2022"]
[Site "Chennai"]
[Date "2022.08.07"]
[Round "9.46"]
[White "Kaslan, Victoria"]
[Black "Berezovska, Svetlana"]
[Result "0-1"]
[WhiteElo "1477"]
[BlackElo "1781"]
[Annotator "NA RC"]
[PlyCount "58"]
[EventDate "2022.??.??"]
[TimeControl "60"]

1. e4 c5 2. Nf3 a6 3. d4 cxd4 4. Nxd4 Nf6 5. Nc3 e5 6. Nb3 Bb4 7. Qd3 d5 8. exd5 Nxd5 9. Bd2 Bxc3 10. Bxc3 Nxc3 11. Qxc3 O-O 12. Be2 Qe7 13. O-O Bf5 14. Bd3 Rc8 15. Qd2 Rd8 16. Qe3 Bxd3 17. cxd3 Nc6 18. a3 a5 19. Rac1 f6 20. Rfe1 Qf7 21. Nc5 Nd4 22. Ne4 Qb3 23. Qg3 Qf7 24. Rc3 Rac8 25. Rxc8 Rxc8 26. Nd6 Ne2+ 27. Kf1 Nxg3+ 28. hxg3 Qc7 29. Nxc8 Qxc8 0-1

[Event "44th Chess Olympiad Women 2022"]
[Site "Chennai"]
[Date "2022.08.07"]
[Round "9.46"]
[White "Lebel-Arias, Julia"]
[Black "Kaslan, Alexandra"]
[Result "1-0"]
[WhiteElo "1660"]
[BlackElo "1435"]
[Annotator "NA RC"]
[PlyCount "95"]
[EventDate "2022.??.??"]
[TimeControl "60"]

1. d4 e6 2. c3 Nf6 3. Bg5 d5 4. e3 Nbd7 5. f4 Be7 6. Nd2 h6 7. Bxf6 Bxf6 8.
Ngf3 c5 9. Bd3 Qb6 10. Qb1 Qc7 11. g3 b6 12. a4 a5 13. O-O O-O 14. Re1 Bb7 15. Qd1 Be7 16. Ne5 cxd4 17. exd4 Nxe5 18. fxe5 Kh8 19. Qe2 Bc6 20. Bc2 g6 21. Nf3 Rg8 22. Qe3 Kg7 23. Rf1 Raf8 24. Rf2 Qd7 25. h4 f6 26. exf6+ Bxf6 27. Ne5 Bxe5 28. Qxe5+ Kh7 29. Raf1 Rxf2 30. Rxf2 Qe7 31. h5 Be8 32. Rf6 Bf7 33. Kg2 Rg7 34. hxg6+ Bxg6 35. Rxe6 Qg5 36. Qxg5 hxg5 37. Bxg6+ Rxg6 38.
Re5 Rd6 39. Rxg5 Kh6 40. Re5 Kg6 41. g4 Kf6 42. Kf3 Kg6 43.
g5 Kf7 44. Kf4 Kg6 45. Kg4 Kf7 46. Kf5 Kg7 47. Re7+ Kf8 48. Re6 1-0

[Event "44th Chess Olympiad Women 2022"]
[Site "Chennai"]
[Date "2022.08.07"]
[Round "9.46"]
[White "Wijnhard, Joelle"]
[Black "Berezovsky, Fiorina"]
[Result "0-1"]
[WhiteElo "1291"]
[BlackElo "1544"]
[Annotator "NA"]
[PlyCount "112"]
[EventDate "2022.??.??"]
[TimeControl "60"]

1. e4 c5 2. Nf3 a6 3. d4 cxd4 4. Nxd4 e6 5. Nc3 Qc7 6. Bd3 Bc5 7. Nf3 Nc6 8. O-O Nf6 9. h3 O-O 10. Rb1 b5 11. a3 Bb7 12. Re1 d6 13.
Be3 Bxe3 14. Rxe3 Nd7 15. Re1 Nce5 16. Nxe5 Nxe5 17. Rc1 Nc4 18. Bxc4 bxc4 19. Qd2 Rfd8 20. Qf4 Qc6 21. Qg4 Qb6 22. Rb1 Re8 23. Na4 Qa5 24. Nc3 d5 25. exd5 Bxd5 26. Nxd5 exd5 27. c3 Qb5 28. Rxe8+ Rxe8 29. Kf1 g6 30. Qd4 Re4 31. Qd2 d4 32. Re1 Rxe1+ 33. Kxe1 d3 34. Qd1 Qxb2 35. Qd2 Qxd2+ 36. Kxd2 f5 37. f4 Kf7 38. g3 h5 39. h4 Ke6 40. a4 Kd5 41. Ke3 Kc5 42. Kd2 Kb6 43.
Kc1 Ka5 44. Kb2 Kxa4 45. Kc1 Kb3 46. Kd2 a5 47. Kd1 a4 48.
Kd2 a3 49. Kd1 a2 50. Kd2 a1=Q 51. Ke3 Kxc3 52. Kf2 Kd4 53. Kg2 d2 54. Kf2 d1=Q 55. Kg2 Qf1+ 56. Kh2 Qh1# 0-1

[Event "44th Chess Olympiad Women 2022"]
[Site "Chennai"]
[Date "2022.08.07"]
[Round "9.47"]
[White "Blackman, Katrina"]
[Black "Enomah Emmanuella Trust"]
[Result "0-1"]
[WhiteElo "1691"]
[BlackElo "1901"]
[Annotator "NA"]
[PlyCount "84"]
[EventDate "2022.??.??"]
[TimeControl "60"]

1. e3 c5 2. f4 d5 3. Nf3 Nc6 4. Bb5 Qb6 5. Bxc6+ bxc6 6. O-O Ba6 7. Re1 Nf6 8. d3 e6 9. Kh1 c4 10. Nc3 Be7 11. Ne5 cxd3 12. cxd3 O-O 13. b3 Rfd8 14. Bb2 c5 15. Ne2 Rac8 16. Rc1 Bd6 17. Ng3 Bb7 18. Ng4 Nxg4 19. Qxg4 d4 20. exd4 cxd4 21. f5 Rxc1 22. Rxc1 e5 23. f6 g6 24. Nf5 Bf8 25. Ne7+ Kh8 26. Qg5 Qa5 27. a4 h6 28. Qg3 Qd2 29. Ba3 Kh7 30. Rg1 Qa2 31. Bc5 Qxb3 32. Bxa7 Qxa4 33. Bb6 Rd6 34. Bc5 Rxf6 35. Qxe5 Re6 36. Qc7 Qa6 37. Nf5 Rf6 38. Nxd4 Bxc5 39. Qxc5 Qxd3 40. Qe5 Rf1 41. Ne2 Bxg2+ 42. Kxg2 Qf3# 0-1

[Event "44th Chess Olympiad Women 2022"]
[Site "Chennai"]
[Date "2022.08.07"]
[Round "9.47"]
[White "Moore, Gaybrianna"]
[Black "Ogbiyoyo, Perpetual Eloho"]
[Result "1-0"]
[WhiteElo "1335"]
[BlackElo "1886"]
[Annotator "NA RC"]
[PlyCount "131"]
[EventDate "2022.??.??"]
[TimeControl "60"]

1. d4 Nf6 2. Bf4 c5 3. e3 cxd4 4. exd4 g6 5. Nf3 Bg7 6. h3 O-O 7. Bd3 d6 8. O-O b6 9. c4 d5 10. cxd5 Nxd5 11. Be4 Bb7 12. Qb3 e6 13. Nc3 Nc6 14. Bxd5 exd5 15. Bg5 Qd7 16. Qb5 h6 17. Bf4 Qf5 18. Nxd5 Rfd8 19. Qxc6 Bxc6 20. Ne7+ Kf8 21. Nxf5 gxf5 22. Ne5 Rxd4 23. Nxc6 Rxf4 24. Rad1 Bxb2 25. Rd6 Rc4 26.
Rxh6 Kg7 27. Rd6 Ba3 28. Ne5 Rc5 29. Nd3 Rc2 30. Rd4 Rd2 31.
Re1 Rc8 32. Rd7 Rcc2 33. Re3 f4 34. Re4 Rd1+ 35. Kh2 Rcd2 36. Red4 Kh6 37. R4d5 Rxa2 38. Rxf7 Rxf2 39. Rxa7 Rff1 40. Nxf4 Rxd5 41. Nxd5 Bd6+ 42. g3 Rf2+ 43. Kg1 Bc5 44. Kh1 Kg6 45. Nf4+ Kf5 46. Rf7+ Ke4 47. h4 b5 48. h5 b4 49. Rb7 Kf3 50. Nd3 Rf1+ 51.
Kh2 Bg1+ 52. Kh3 b3 53. Rxb3 Be3 54. Ne5+ Ke4 55. Nc4 Rh1+ 56. Kg4 Bd4 57. Nd6+ Kd5 58. Nf5 Bf6 59. Rb5+ Kc6 60. Rb8 Kd5 61. Rf8 Ke6 62. h6 Ra1 63. h7 Ra4+ 64. Kh3 Bh8 65. Rxh8 Kxf5 66. Rg8 1-0

[Event "44th Chess Olympiad Women 2022"]
[Site "Chennai"]
[Date "2022.08.07"]
[Round "9.47"]
[White "Ofowino, Toritsemuwa"]
[Black "Wilson, Hannah"]
[Result "1-0"]
[WhiteElo "1870"]
[BlackElo "1556"]
[Annotator "NA RC"]
[PlyCount "153"]
[EventDate "2022.??.??"]
[TimeControl "60"]

1. d4 d5 2. Nf3 Nf6 3. c3 c5 4. dxc5 e6 5. b4 a5 6. e3 b6 7. Qa4+ Bd7 8. Bb5 bxc5 9. bxc5 Bxc5 10. O-O O-O 11. c4 Bxb5 12. Qxb5 Nbd7 13. cxd5 Nxd5 14. Bd2 Qf6 15. Nc3 Nxc3 16. Bxc3 Qxc3 17. Qxd7 Qf6 18. Qa4 Rfd8 19. Rad1 Bb6 20. Qc6 Rab8 21. Rb1 Ba7 22. Qc7 Ra8 23. Qc6 Rdc8 24. Qb7 Qc3 25. g3 Qa3 26. Ne5 Qf8 27. Rfd1 Rcb8 28. Qe4 Rxb1 29. Qxb1 f6 30. Nc6 Bc5 31. Rc1 Bb4 32. Qb3 Qd6 33. Nd4 Re8 34. Rc6 Qd5 35. Rxe6 Qxb3 36. Rxe8+ Kf7 37. axb3 Kxe8 38. Kf1 Kd7 39. Ke2 h6 40. Kd3 g6 41. Kc4 Be1 42. f3 Bf2 43. Kd3 Bg1 44. h3 Bf2 45. g4 Kd6 46. Ke4 Be1 47. f4 Kc5 48.
Nc2 Bc3 49. h4 Bb2 50. h5 g5 51. fxg5 fxg5 52. Kf5 Bg7 53. Kg6 Bf8 54. Kf7 Bd6 55. Kg7 Be5+ 56. Kxh6 Kd5 57. Kxg5 Ke4 58. Na3 Kd3 59. Nc4 Bc3 60. h6 Kc2 61. h7 Kxb3 62. Nxa5+ Kc2 63. Kf5 Kd3 64. e4 Bh8 65. Nc6 Kc4 66. Ne5+ Kc5 67. Nf7 Bg7 68. g5 Kc6 69. h8=Q Bxh8 70. Nxh8 Kd7 71. Kf6 Ke8 72. Ng6 Kd7 73. Kf7 Kd6 74. e5+ Kd7 75. e6+ Kd6 76. e7 Kc7 77. e8=Q 1-0

[Event "44th Chess Olympiad Women 2022"]
[Site "Chennai"]
[Date "2022.08.07"]
[Round "9.47"]
[White "Onoja, Iyefu Joy"]
[Black "Eversley, Kiarra"]
[Result "1-0"]
[WhiteElo "1869"]
[BlackElo "1356"]
[Annotator "NA RC"]
[PlyCount "61"]
[EventDate "2022.??.??"]
[TimeControl "60"]

1. d4 d5 2. c4 c6 3. e3 Nf6 4. Nc3 e6 5. Nf3 Be7 6. Bd3 a6 7. b3 dxc4 8.
Bxc4 b5 9. Bd3 c5 10. Bb2 cxd4 11. Nxd4 Bb7 12. O-O O-O 13. Rc1 Nbd7 14. Bb1 b4 15. Nce2 Rc8 16. Ng3 Nc5 17. Nf3 Qa5 18. Ne5 Rfd8 19. Qe2 Nce4 20. Nxe4 Bxe4 21. Bxe4 Nxe4 22. Nc6 Rxc6 23.
Rxc6 Qxa2 24. Qc2 Nc3 25. Ra1 Qxa1+ 26. Bxa1 Rd1+ 27. Qxd1 Nxd1 28. Rc8+ Bf8 29. Bd4 f6 30. Bc5 Kf7 31. Rxf8+ 1-0

[Event "44th Chess Olympiad Women 2022"]
[Site "Chennai"]
[Date "2022.08.07"]
[Round "9.48"]
[White "Al Maamari, Wafia Darwish"]
[Black "Ben Said, Safa"]
[Result "0-1"]
[WhiteElo "1841"]
[BlackElo "1564"]
[Annotator "NA RC"]
[PlyCount "144"]
[EventDate "2022.??.??"]
[TimeControl "60"]

1. e4 e5 2. Nf3 Nc6 3. Bb5 Nge7 4. Nc3 d6 5. d4 exd4 6.
Nxd4 a6 7. Be2 Nxd4 8. Qxd4 Nc6 9. Qd1 Be7 10. Be3 Be6 11.
Nd5 O-O 12. O-O f5 13. Nf4 Qd7 14. b3 Bf7 15. exf5 Qxf5 16. Bg4 Qe5 17. Re1 Bf6 18. Rb1 Rae8 19. Bd7 Re7 20. Bd2 Qc5 21. Rxe7 Nxe7 22. Be3 Qe5 23. Nd3 Qa5 24. a4 c6 25. c4 Qc7 26. Bg4 Ng6 27. Nf4 Re8 28.
Nh5 Qe7 29. Nxf6+ Qxf6 30. Bd4 Ne5 31. Rb2 Qg5 32. Be2 Bg6 33.
Be3 Qf6 34. Rd2 Rd8 35. h3 Nf7 36. a5 Re8 37. Bd4 Qf5 38.
Bc3 Ng5 39. Rxd6 Ne4 40. Rxg6 Qxf2+ 41. Kh2 hxg6 42. Be1 Qf4+ 43. g3 Qe3 44. Bf1 Nf2 45. Bxf2 Qxf2+ 46. Bg2 Re1 47. Qd8+ Kf7 48. Qd7+ Re7 49. Qg4 Qf5 50. Qd1 Qxa5 51. h4 Qe1 52. Qf3+ Kg8 53. Qg4 Qe2 54. Qxg6 Qb2 55. Kh3 Qf6 56. Qd3 Qe6+ 57. Kh2 Qe3 58. Qd8+ Re8 59. Qd7 Qe7 60. Qf5 Rf8 61. Qg6 Rf2 62. Qg4 Qe2 63. Qh3 Qc2 64. g4 a5 65. g5 Qf5 66. Qc3 Qf4+ 67. Kg1 Re2 68.
Qh3 Qe3+ 69. Kh1 Qxh3+ 70. Bxh3 Re3 71. Bc8 Rxb3 72. c5 Kf8 0-1

[Event "44th Chess Olympiad Women 2022"]
[Site "Chennai"]
[Date "2022.08.07"]
[Round "9.48"]
[White "Meddeb, Chadha"]
[Black "Almaini, Aishah Sarhan"]
[Result "0-1"]
[WhiteElo "1561"]
[BlackElo "1615"]
[Annotator "NA"]
[PlyCount "72"]
[EventDate "2022.??.??"]
[TimeControl "60"]

1. e4 g6 2. Nf3 Bg7 3. e5 d6 4. exd6 cxd6 5. c3 e5 6. d4 e4 7. Bb5+ Bd7 8. Bxd7+ Qxd7 9. Ng5 d5 10. Nd2 h6 11. Nh3 f5 12. Nf4 Ne7 13.
h4 Nbc6 14. Nb3 b6 15. Qe2 Rc8 16. Bd2 Nd8 17. Rh3 Ne6 18. Nxe6 Qxe6 19. Qb5+ Qc6 20. Qxc6+ Nxc6 21. Rg3 Kf7 22. Nc1 Bf6 23. Rh3 g5 24. hxg5 hxg5 25. Rxh8 Rxh8 26. g3 Ne7 27. Kf1 Ng6 28. Kg2 f4 29. gxf4 gxf4 30. Nb3 Nh4+ 31. Kf1 Bg5 32. Ke2 Nf3 33. Rd1 Rh2 34. Be1 Ng1+ 35. Kf1 Nh3 36. Nc1 f3 0-1